 Dungeon Crawl Stone Soup version 0.26.1-11-gd32895ea62 (webtiles) character file.

Game seed: 11770446436450034834

579 phalm the Conjurer (level 7, -1/52 HPs)
             Began as a Demonspawn Conjurer on June 20, 2021.
             Killed from afar by an orc wizard (12 damage)
             ... with a puff of flame
             ... on level 4 of the Dungeon.
             The game lasted 00:07:37 (5037 turns).

phalm the Conjurer (Demonspawn Conjurer)            Turns: 5037, Time: 00:07:38

Health: -1/52      AC:  5    Str:  7    XL:     7   Next: 13%
Magic:  1/12       EV: 12    Int: 21    God:
Gold:   178        SH:  0    Dex: 12    Spells: 6/13 levels left

rFire    . . .     SeeInvis .   o - +2 whip (elec)
rCold    + . .     Faith    .   (no shield)
rNeg     . . .     Spirit   .   a - +0 robe
rPois    .         Reflect  .   (no helmet)
rElec    .         Harm     .   (no cloak)
rCorr    .         Rampage  .   (no gloves)
Will     .....                  (no boots)
Stlth    ++........             (no amulet)
HPRegen  0.17/turn              (no ring)
MPRegen  0.13/turn              (no ring)

@: no status effects
A: claws 1, slimy green scales 2, cold resistance 1
a: no special abilities


You were on level 4 of the Dungeon.
You visited 1 branch of the dungeon, and saw 4 of its levels.

You collected 178 gold pieces.


Innate Abilities, Weirdness & Mutations

You have sharp fingernails.
You are mostly covered in slimy green scales. (AC +3)
Your flesh is cold resistant. (rC+)


   Skills:
 + Level 3.1 Fighting
 - Level 1.7 Dodging
 - Level 1.7 Stealth
 + Level 3.6 Spellcasting
 * Level 6.3 Conjurations
 * Level 2.6 Translocations


You had 6 spell levels left.
You knew the following spells:

 Your Spells              Type           Power        Failure   Level
m - Magic Dart            Conj           100%         1%          1
s - Searing Ray           Conj           60%          1%          2
X - Iskenderun's Mystic   Conj/Tloc      22%          19%         4

Your spell library contained the following spells:

 Spells                   Type           Power        Failure   Level
 Dazzling Flash           Conj/Hex       34%          10%         3
 Fulminant Prism          Conj/Hex       8%           32%         4

Inventory:

Hand Weapons
 o - a +2 whip of electrocution (weapon)
   (You took it off a kobold on level 1 of the Dungeon)
Missiles
 d - 118 stones (quivered)
 f - 36 sling bullets
 j - 75 bolts
 l - 71 arrows
Armour
 a - a +0 robe (worn)
 b - a +0 pair of gloves
   (You found it on level 1 of the Dungeon)
 t - a +0 helmet
   (You took it off Robin on level 2 of the Dungeon)
Jewellery
 N - an uncursed ring of positive energy
   (You took it off Robin on level 2 of the Dungeon)
Scrolls
 c - a scroll of fear {unknown}
 g - 5 scrolls of identify {unknown}
 h - 6 scrolls of remove curse {unknown}
 n - 2 scrolls of immolation {unknown}
 p - a scroll of blinking {unknown}
 q - a scroll of fog {unknown}
 u - a scroll of magic mapping {unknown}
 y - a scroll of enchant weapon {unknown}
Potions
 e - 3 potions of curing {unknown}
 i - a potion of resistance {unknown}
 k - a potion of ambrosia {unknown}
 m - a potion of attraction {unknown}
 r - a potion of flight {unknown}
 s - 2 potions of invisibility {unknown}
 v - a potion of mutation {unknown}
 w - a potion of lignification {unknown}
 x - a potion of heal wounds {unknown}
 z - a potion of degeneration {unknown}

Dungeon Overview and Level Annotations

Branches:
Dungeon (4/15)
 Temple: D:4-7

Altars:
Fedhas

.# #.....†)..# .
.########...####....
.......((..{...l....
.###.####...####....
.# #.# ##o## . .#
#.# #.# .# #.# #o#
####.# #.#########'#
.....# #.#....@){#.#
######
###o#.#####.#.####
#.....# #.#....#
#.....#####....#.#
#?.......##......#
#...?.##.##......#
#.....##.##.#......
#####.##.##.#.#..##
#.....)......#


There were no monsters in sight!


Message History

Something unseen opens the door.
The orc barely misses you.
A leopard gecko comes into view.
The leopard gecko hisses angrily.
The orc priest mumbles some strange prayers to Beogh against you.
Beogh smites you! 😮 HP[-14] MP[+1]
You take 14 damage, and now have 26/47 hp.
MASSIVE DAMAGE!! (PAUSE)
You closely miss the orc. 😮 HP[+1]
The orc priest looks braver for a moment. 😮 MP[+1]
The howler monkey howls! 😮 HP[+1]
The orc priest looks braver for a moment.
The howler monkey closely misses you. 😮 MP[+1]
The howler monkey hoots and howls with incredible vigour! 😮 HP[+1]
You closely miss the howler monkey.
The howler monkey completely misses you.
You hit the howler monkey.
The howler monkey hits you but does no damage.
You closely miss the howler monkey. The howler monkey hits you.
The howler monkey barely misses you. 😮 HP[-4]
You take 4 damage, and now have 25/47 hp.
You barely miss the howler monkey. The howler monkey hits you.
* * * LOW HITPOINT WARNING * * *
😨 HP[-4]
You take 4 damage, and now have 21/47 hp.
You hit the howler monkey.
Lightning courses through the howler monkey!
The howler monkey hoots and howls with incredible vigour!
You whack the howler monkey!
You kill the howler monkey!
You have reached level 7! 😨 HP[+3] MP[+1]
You now have 52 max hp (+5).
You regained 3 hp, and now have 24/52 hp.
You hit the orc. The orc hits you with a +0 war axe!
* * * LOW HITPOINT WARNING * * *
😱 HP[-12]
You take 12 damage, and now have 12/52 hp.
MASSIVE DAMAGE!! (PAUSE)
You hit the orc. The orc misses you.
You hit the orc.
You kill the orc!
The leopard gecko bites you.
* * * LOW HITPOINT WARNING * * *
😱 HP[-2]
You take 2 damage, and now have 10/52 hp.
Casting: Magic Dart (safe; 1% risk of failure)
Confirm with . or Enter, or press ? or * to list all spells.
Aiming: Searing Ray (safe; 1% risk of failure)
Press: ? - help, Shift-Dir - straight line, f - orc priest
Aim: an orc priest, wielding a +0 mace and wearing a +0 leather armour (21% to evade)
The searing ray hits the leopard gecko.
You kill the leopard gecko!
The searing ray hits the orc priest! (Press . to maintain the ray.) 😱 HP[+1] MP[-2]
You lost 2 mp, and now have 2/12 mp.
The searing ray hits the orc priest!
You kill the orc priest! 😱 MP[-1]
You lost 1 mp, and now have 1/12 mp.
Something hits you.
* * * LOW HITPOINT WARNING * * *
😱 HP[-2]
You take 2 damage, and now have 9/52 hp.
Unknown command. 😱 MP[+1]
Casting: Searing Ray (safe; 1% risk of failure)
Confirm with . or Enter, or press ? or * to list all spells.
Aiming: Magic Dart (safe; 1% risk of failure)
Press: ? - help, Shift-Dir - straight line, f - orc
Aim: an orc, wielding a +0 club (0% to evade)
The magic dart hits something. 😱 HP[+1] MP[-1]
You lost 1 mp, and now have 1/12 mp.
An orc wizard appears from thin air!
Reactivating autopickup.
The orc wizard misses you.
The orc wizard gestures at itself while chanting.
The orc wizard flickers and vanishes!
Deactivating autopickup; reactivate with Ctrl-A.
Casting: Magic Dart (safe; 1% risk of failure)
Confirm with . or Enter, or press ? or * to list all spells.
Aiming: Magic Dart (safe; 1% risk of failure)
Press: ? - help, Shift-Dir - straight line, f/p - orc
Aim: an orc, wielding a +0 club (0% to evade)
The magic dart hits the orc. 😱 HP[+1]
You hit the orc. Lightning courses through the orc!
You kill the orc!
You hear some strange, mumbled words.
A puff of flame appears from out of thin air!
The puff of flame hits you!
You die...

Skill      XL: |  1  2  3  4  5  6 |
---------------+-------------------+-----
Fighting       | 1 2 3 |  3.1
Conjurations   | 5 6 |  6.3
Spellcasting   | 3 |  3.6
Translocations | 1 2 |  2.6
Dodging        | |  1.7
Stealth        | |  1.7

Action                   |  1- 3 |  4- 6 |  7- 9 || total
-------------------------+-------+-------+-------++-------
Melee: Club              |    11 |       |       ||    11
       Unarmed           |     5 |       |       ||     5
       Whip              |    11 |    16 |     4 ||    31
Throw: Stone             |     4 |       |       ||     4
 Cast: Magic Dart        |    92 |   107 |     2 ||   201
       Searing Ray       |     1 |    12 |     1 ||    14
 Stab: Distracted        |     1 |       |       ||     1
Armor: Robe              |     5 |     2 |       ||     7
Dodge: Dodged            |    29 |    20 |     2 ||    51

Levels and vault maps discovered:
D:1:      dpeg_arrival_rooms_a, layout_basic
D:2:      minmay_roachtagon, layout_loops_corners, uniq_terence, uniq_robin
D:3:      layout_loops_cross, minmay_misc_feat_cross, minmay_puff
D:4:      layout_loops_corners, fedhas_bush_and_centaur_altar,
          old_standard_altar, uniq_crazy_yiuf_cottage

Notes
Turn   | Place    | Note
-------+----------+-------------------------------------------
     0 | D:1      | phalm the Demonspawn Conjurer began the quest for the Orb.
     0 | D:1      | Reached XP level 1. HP: 13/13 MP: 3/3
     0 | D:1      | magus.rc [v1.9.10]
   304 | D:1      | Gained mutation: Your flesh is cold resistant. (rC+)
                  | [demonic ancestry]
   304 | D:1      | Reached XP level 2. HP: 20/20 MP: 3/5
   807 | D:1      | Reached skill level 1 in Fighting
  1054 | D:1      | Gained mutation: You are partially covered in slimy green
                  | scales. (AC +2) [demonic ancestry]
  1054 | D:1      | Reached XP level 3. HP: 26/26 MP: 2/6
  1568 | D:2      | Noticed Robin
  1678 | D:2      | Learned a level 2 spell: Searing Ray
  1979 | D:2      | Noticed Terence
  1981 | D:2      | Gained mutation: You have sharp fingernails. [demonic
                  | ancestry]
  1981 | D:2      | Reached XP level 4. HP: 32/32 MP: 4/7
  1987 | D:2      | Killed Terence
  1988 | D:2      | Reached skill level 5 in Conjurations
  2290 | D:2      | Killed Robin
  2463 | D:2      | Reached skill level 2 in Fighting
  2906 | D:3      | Reached skill level 3 in Spellcasting
  2906 | D:3      | Reached XP level 5. HP: 27/38 MP: 0/9
  3002 | D:2      | Learned a level 4 spell: Iskenderun's Mystic Blast
  4051 | D:3      | Reached skill level 1 in Translocations
  4340 | D:4      | Found a blossoming altar of Fedhas.
  4341 | D:4      | Noticed a centaur
  4343 | D:4      | Gained mutation: You are mostly covered in slimy green
                  | scales. (AC +3) [demonic ancestry]
  4343 | D:4      | Reached XP level 6. HP: 31/46 MP: 6/10
  4776 | D:4      | Reached skill level 6 in Conjurations
  4924 | D:4      | Reached skill level 2 in Translocations
  4983 | D:4      | Reached skill level 3 in Fighting
  5020 | D:4      | Reached XP level 7. HP: 24/52 MP: 4/12
  5020 | D:4      | HP: 12/52 [orc/+0 war axe (12)]
  5025 | D:4      | HP: 9/52 [something (2)]
  5037 | D:4      | Killed from afar by an orc wizard

Vanquished Creatures
  A centaur (D:4)
  A scorpion (D:4)
  A howler monkey (D:4)
  A jelly (D:3)
  An orc priest (D:4)
  2 orc wizards
  Terence (D:2)
  4 worker ants (D:4)
  Robin (D:2)
  2 adders (D:2)
  A white imp (D:3)
  An ooze (D:3)
  2 worms (D:3)
  3 dart slugs (D:1)
  6 leopard geckos
  17 orcs
  2 ball pythons
  14 giant cockroaches
  14 goblins
  8 hobgoblins
  4 jackals (D:1)
  A quokka (D:3)
  6 bats
  5 frilled lizards
  A giant cockroach zombie (D:2)
  4 kobolds
  6 rats
110 creatures vanquished.

Table legend:
 A = Non-vault XP
 B = Vault XP
 C = Vault XP percentage of total XP
 D = Non-vault monster count
 E = Vault monster count
 F = Vault count percentage of total count
                 A         B        C        D         E       F
            +---------+---------+-------+---------+---------+-------
      Total |     620 |     211 |  25.4 |      81 |      29 |  26.4
            +---------+---------+-------+---------+---------+-------
        D:1 |      49 |       0 |   0.0 |      24 |       0 |   0.0
        D:2 |      40 |      94 |  70.1 |      11 |      24 |  68.6
        D:3 |     169 |       7 |   4.0 |      31 |       4 |  11.4
        D:4 |     362 |     110 |  23.3 |      15 |       1 |   6.2
            +---------+---------+-------+---------+---------+-------

Illustrated notes

Table legend:
 A = Kills in this place as a percentage of kills in entire the game.
 B = Kills by you in this place as a percentage of kills by you in the entire game.
 C = Kills by friends in this place as a percentage of kills by friends in the entire game.
 D = Other kills in this place as a percentage of other kills in the entire game.
 E = Experience gained in this place as a percentage of experience gained in the entire game.
 F = Experience gained in this place divided by the number of levels of this place that you have seen.
                   A       B       C       D       E      F
               +-------+-------+-------+-------+-------+----------------------
         Total | 100.0 | 100.0 |   N/A |   N/A | 100.0 | 207.8
       Dungeon | 100.0 | 100.0 |   N/A |   N/A | 100.0 | 207.8
               +-------+-------+-------+-------+-------+----------------------

Table legend: (Time is in decaauts)
 A = Elapsed time spent in this place.
 B = Non-inter-level travel time spent in this place.
 C = Inter-level travel time spent in this place.
 D = Time resting spent in this place.
 E = Time spent auto-exploring this place.
 F = Levels seen in this place.
 G = Mean time per level.
                   A        B        C        D        E       F      G
               +--------+--------+--------+--------+--------+-----+--------+
         Total |   5043 |   4964 |     79 |      2 |   4315 |   4 | 1260.8 |
       Dungeon |   5043 |   4964 |     79 |      2 |   4315 |   4 | 1260.8 |
               +--------+--------+--------+--------+--------+-----+--------+

Top non-repeatable levels by time:
     D:2: 1529 daAuts
     D:1: 1461 daAuts
     D:3: 1388 daAuts
     D:4: 665 daAuts
